 Dungeon Crawl Stone Soup version 0.31.0-32-g396128a36d (webtiles) character file.

Game seed: 15716550264816709893

56 Silvore the Covered (level 3, 0/33 HPs)
             Began as a Minotaur Fighter on Mar 22, 2024.
             Killed from afar by Ijyb (8 damage)
             ... with a bolt of light
             ... on level 3 of the Dungeon.
             The game lasted 00:01:47 (1363 turns).

Silvore the Covered (Minotaur Fighter)              Turns: 1363, Time: 00:01:48

Health: 0/33       AC:  9    Str: 22    XL:     3   Next: 71%
Magic:  0/2        EV:  9    Int:  5    God:
Gold:   97         SH:  4    Dex:  9    Spells: 2/2 levels left

rFire   . . .        a - +0 flail
rCold   . . .        c - +0 buckler
rNeg    . . .        b - +0 scale mail
rPois   .            (helmet restricted)
rElec   .            (no cloak)
rCorr   .            (no gloves)
SInv    .            g - +1 pair of boots
Will    .....        h - amulet of guardian spirit Stlth
                     (no ring)
HPRegen 0.25/turn    (no ring)
MPRegen 0.08/turn

%: guardian spirit
@: no status effects
A: horns 2, retaliatory headbutt
a: no special abilities


You were on level 3 of the Dungeon.
You visited 1 branch of the dungeon, and saw 3 of its levels.

You collected 97 gold pieces.

Inventory:

Hand Weapons
 a - a +0 flail (weapon)
Armour
 b - a +0 scale mail (worn)
 c - a +0 buckler (worn)
 g - a +1 pair of boots (worn)
Jewellery
 h - an amulet of guardian spirit (around neck)
Scrolls
 e - a scroll of vulnerability {unknown}
 f - 5 scrolls of identify {unknown}
 i - a scroll of poison {unknown}
 k - a scroll of enchant weapon {unknown}
 l - 2 scrolls of blinking {unknown}
 n - a scroll of teleportation {unknown}
 o - a scroll of fear {unknown}
 p - a scroll of enchant armour {unknown}
Potions
 d - a potion of might
 j - a potion of ambrosia {unknown}
 m - a potion of brilliance {unknown}
 q - a potion of curing {unknown}


   Skills:
 + Level 4.1 Fighting
 + Level 3.5 Maces & Flails
 + Level 4.4 Armour
 + Level 4.0 Shields


You had 2 spell levels left.
You didn't know any spells.
Your spell library contained the following spells:

 Spells                   Type           Power      Damage    Failure   Level
 Ensorcelled Hibernation  Hex/Ice        0%         N/A       94%         2
 Fugue of the Fallen      Necr           0%         N/A       99%         3
 Anguish                  Hex/Necr       0%         N/A       100%        4


Dungeon Overview and Level Annotations

Branches:
Dungeon (3/15)

Altars:

Shops:
D:3 *

Annotations:
D:3 Ijyb


Innate Abilities, Weirdness & Mutations

You have a pair of horns on your head.
You reflexively headbutt those who attack you in melee.


Message History

Ijyb is nearby!
Ijyb is nearby!
You hit Ijyb but do no damage. Ijyb hits you with a +0 club.
Ijyb hits you but does no damage.
You hit Ijyb. You headbutt Ijyb, but do no damage.
Ijyb is lightly wounded.
Ijyb hits you but does no damage.
You closely miss Ijyb. Your headbutt misses Ijyb.
Ijyb is lightly wounded.
Ijyb hits you but does no damage.
You closely miss Ijyb.
Ijyb is lightly wounded.
Ijyb hits you but does no damage.
You barely miss Ijyb.
Ijyb is lightly wounded.
Ijyb zaps a wand.
The bolt of light hits you! You block Ijyb's attack.
You hit Ijyb but do no damage.
Ijyb is lightly wounded.
Ijyb hits you with a +0 club.
You closely miss Ijyb.
Ijyb is lightly wounded.
Ijyb zaps a wand.
The bolt of light hits you but does no damage.
You hit Ijyb. Your headbutt misses Ijyb.
Ijyb is moderately wounded.
Ijyb hits you but does no damage.
You closely miss Ijyb.
Ijyb is moderately wounded.
Ijyb hits you with a +0 club.
Ijyb zaps a wand.
The bolt of light hits you!
You miss Ijyb.
Ijyb is moderately wounded.
Ijyb hits you but does no damage.
You hit Ijyb. You headbutt Ijyb!
Ijyb is almost dead.
Ijyb hits you with a +0 club.
* * * LOW HITPOINT WARNING * * *
You hit Ijyb.
Ijyb is almost dead.
Ijyb zaps a wand.
The bolt of light hits you!
You die...

###########
########...... ..#
#.........######g##.#
#.####..#.......@...#
#.# ##...######.####
#.# ##.## #.# #.# #.#
#.# #.# #.. #.# #.#
###. #.# #.# .# #.#
#.# # #.# #.####


You could see Ijyb.

Vanquished Creatures
  An adder (D:2)
  A dart slug (D:2)
  3 orcs (D:3)
  3 endoplasms
  3 giant cockroaches
  5 hobgoblins (D:1)
  3 kobolds (D:1)
  2 quokkas (D:1)
  3 ball pythons
  2 bats
  5 frilled lizards
  3 goblins (D:1)
  8 rats (D:1)
42 creatures vanquished.

Notes
Turn   | Place    | Note
-------+----------+-------------------------------------------
     0 | D:1      | Silvore the Minotaur Fighter began the quest for the Orb.
     0 | D:1      | Reached XP level 1. HP: 19/19 MP: 0/0
    31 | D:1      | Found a faded altar of an unknown god.
   114 | D:1      | Reached XP level 2. HP: 20/27 MP: 1/1
   597 | D:1      | Reached XP level 3. HP: 31/33 MP: 2/2
  1267 | D:3      | Found Majek's General Store.
  1351 | D:3      | Noticed Ijyb
  1363 | D:3      | Killed from afar by Ijyb

Illustrated notes

Levels and vault maps discovered:
D:1:      dpeg_arrival_ratfight, layout_basic,
          ebering_ecumenical_altar_petrified
D:2:      layout_basic
D:3:      layout_loops_ring, nicolae_yredelemnul_ghost_church,
          lemuel_tele_altar, cheibrodos_ashenzari_chains, serial_shops, shop,
          uniq_jessica, uniq_ijyb

Skill      XL: |  1  2  3 |
---------------+----------+-----
Armour         | 4 |  4.4
Shields        | 4 |  4.0
Fighting       | 4 |  4.1
Maces & Flails | 3 |  3.5

Action                     || total
---------------------------++-------
  Melee: Flail             ||    87
         Headbutt          ||    10
 Armour: Scale mail        ||    55
  Dodge: Dodged            ||    42
  Block: Buckler           ||    11
